Map: Taito Citadel LE

Players

evangelion - Winner!

  • Race: Terran Terran
  • Spawn Location: 11:00

VOD

Have the link to the VOD?

Description

Time

  • Played on: Dec. 21, 2025, 12:06 p.m.
  • Length: 11:23
Show
View Real Time Build Order
Export as new Build Order

evangelion Terran - Winner!

Build Orders:  

Get SALT Encoding   

  12  0:02  SCV  
  13  0:19  SCV  
  14  0:29  Supply Depot  
  14  0:36  SCV  
  15  0:59  SCV  
  16  1:04  Barracks  
  16  1:20  Barracks  
  16  1:53  Barracks  
  16  1:54  Barracks  
  16  2:40  SCV  
  17  3:08  Marine  
  18  3:14  SCV  
  18  3:15  Marine  
  19  3:30  Bunker  
  19  3:33  Marine  
  19  3:39  Marine  
  21  3:57  Marine  
  22  4:04  Marine  
  23  5:03  Marine  
  23  5:06  Marine  
  21  5:28  Marine  
  22  5:31  Marine  
  20  5:53  Marine  
  20  5:56  Marine  
  20  6:18  Marine  
  19  6:21  Marine  
  20  6:43  Marine  
  20  6:46  Marine  
  22  7:08  Marine  
  22  7:11  Marine  
  21  7:23  Barracks  
  21  7:24  Barracks  
  21  7:33  Marine  
  21  7:35  Marine  
  22  7:58  Marine  
  22  8:00  Marine  
  20  8:23  Marine  
  20  8:25  Marine  
  22  8:33  Barracks  
  22  8:38  Marine x2  
  22  8:48  Marine  
  21  8:50  Marine  
  22  9:01  Supply Depot  
  22  9:03  Marine  
  23  9:19  Marine  
  23  9:31  Marine x3  
  26  9:44  Marine  
  26  9:51  Bunker  
  26  9:56  Marine x2  
  26  9:57  Marine  
  27  10:09  Marine  
  24  10:21  Marine x3  
  27  10:34  Marine  
  26  10:46  Marine x3  
Tags
 
Add a new tag
Caveats
  • Supply blocks, unpowered buildings, or Contaminate may cause inaccurate times.
  • Supply counts are checked every 10 seconds.